 Dungeon Crawl Stone Soup version 0.29.1-14-g9c671dbff4 (webtiles) character file.

Game seed: 4425388660199145148

37 Wobber the Changer (level 3, 0/23 HPs)
             Began as an Octopode Transmuter on Feb 14, 2023.
             Slain by an adder (2 damage)
             ... on level 2 of the Dungeon.
             The game lasted 00:03:16 (1289 turns).

Wobber the Changer (Octopode Transmuter)            Turns: 1289, Time: 00:03:17

Health: 0/23       AC:  1    Str:  9    XL:     3   Next: 41%
Magic:  5/6        EV: 13    Int: 17    God:
Gold:   48         SH:  0    Dex: 12    Spells: 2/6 levels left

rFire   . . .      SeeInvis .   b - +0 short sword (elec)
rCold   . . .      Faith    .   (no shield)
rNeg    . . .      Spirit   .   (helmet currently unavailable)
rPois   .          Reflect  .   d - amulet of the acrobat
rElec   .          Harm     .   (no ring)
rCorr   .          Rampage  .   (no ring)
Will    .....                   (no ring)
Stlth   ++........              (no ring)
HPRegen 0.07/turn               (no ring)
MPRegen 0.10/turn               (no ring)
                                (no ring)
                                (no ring)

@: lethally poisoned (0 -> -1), appendages
A: tentacle spike 3, almost no armour, amphibious, 8 rings, camouflage 1,
gelatinous body 1, (nimble swimmer 1), tentacles
a: End Transformation


You were on level 2 of the Dungeon.
One of your tentacles had grown a beastly spike.
You visited 1 branch of the dungeon, and saw 2 of its levels.

You collected 48 gold pieces.

Inventory:

Hand Weapons
 a - a +0 sling
 b - a +0 short sword of electrocution (weapon)
Missiles
 c - 42 stones
Jewellery
 d - an amulet of the acrobat (around mantle)
Scrolls
 e - 6 scrolls of identify
 g - a scroll of poison {unknown}
 h - a scroll of magic mapping {unknown}
 i - a scroll of enchant armour
 j - a scroll of teleportation {unknown}
Potions
 f - a potion of lignification


   Skills:
 - Level 1.0 Fighting
 - Level 2.0 Dodging
 - Level 3.0 Unarmed Combat
 + Level 2.0 Spellcasting
 * Level 3.5 Transmutations
 * Level 0.8 Poison Magic


You had 2 spell levels left.
You knew the following spells:

 Your Spells              Type           Power      Damage    Failure   Level
a - Beastly Appendage     Tmut           26%        N/A       4%          1
b - Spider Form           Tmut/Pois      9%         N/A       24%         3

Your spell library contained the following spells:

 Spells                   Type           Power      Damage    Failure   Level
 Wereblood                Tmut           13%        N/A       7%          2
 Shock                    Conj/Air       4%         1d3       19%         1
 Ice Form                 Ice/Tmut       7%         N/A       67%         4


Dungeon Overview and Level Annotations

Branches:
Dungeon (2/15)

Altars:

Shops:
D:2 (:(


Innate Abilities, Weirdness & Mutations

One of your tentacles has grown a beastly spike.
You cannot wear most types of armour.
You are amphibious.
You can wear up to eight rings at the same time.
Your skin changes colour to match your surroundings (Stealth+).
Your rubbery body absorbs attacks. (AC +1, EV +1)
((You are camouflaged when in or above water. (Stealth+)))
You have tentacles for arms and can constrict up to eight enemies at once.


Message History

j - a scroll labelled XIQIELL WUNU
There are no items here.
An adder comes into view.
Found Vefihun's Antique Weapon Boutique.
A ball python comes into view.
The adder hisses angrily.
The ball python hisses angrily.
One of your tentacles grows a vicious spike.
The ball python hisses angrily.
You hit the adder. Your grab misses the adder.
The adder is heavily wounded.
The adder completely misses you. The adder misses you.
The ball python bites you. The ball python grabs you.
The ball python constricts you.
You hit the adder. You grab the adder. Your squeeze misses the adder.
The adder is severely wounded.
You constrict the adder. The adder barely misses you.
The ball python bites you. The ball python constricts you.
You barely miss the adder.
The adder is almost dead.
You constrict the adder. The adder bites you.
You are poisoned.
The adder poisons you! The ball python bites you.
The ball python constricts you.
The adder escapes!
You hit the ball python. Your grab misses the ball python.
The ball python is moderately wounded.
You feel sick. The ball python barely misses you.
The ball python constricts you. The adder bites you but does no damage.
The ball python bites you.
The ball python bites you but does no damage.
The ball python constricts you.
Okay, then.
You escape the ball python's grasp.
You feel sick. The ball python bites you.
* * * LOW HITPOINT WARNING * * *
The ball python misses you.
As you read the scroll labelled OBAILU JUJIE, it crumbles to dust.
It is a scroll of identify.
i - a scroll of enchant armour
* * * LOW HITPOINT WARNING * * *
You feel sick. The adder bites you.
You die...

...........#.#...
......####.#.#.########
#.†.....##.............
......∩..#.#.##.###### #
.........#.......[..# . .
.........###.##.#...#.#.∩
#.###....# #.##.#...#...#
.........# #..#.#.....#
##.###...# ##.#.@S....#
.# #...# #..##SS...# .#
#...# ##....###....
.......>..#####
........### ........#
........# ........#
.........


You could see an adder and 2 ball pythons.

Vanquished Creatures
  An adder (D:2)
  A dart slug (D:1)
  3 ball pythons (D:2)
  2 endoplasms (D:1)
  A giant cockroach (D:1)
  A goblin (D:2)
  A hobgoblin (D:1)
  4 jackals (D:1)
  4 kobolds
  A quokka (D:1)
  A bat (D:1)
  A frilled lizard (D:1)
  3 rats
24 creatures vanquished.

Notes
Turn   | Place    | Note
-------+----------+-------------------------------------------
     0 | D:1      | Wobber the Octopode Transmuter began the quest for the Orb.
     0 | D:1      | Reached XP level 1. HP: 13/13 MP: 3/3
   216 | D:1      | Found a faded altar of an unknown god.
   227 | D:1      | Got Plato's Parchment of the Sky
   330 | D:1      | Reached XP level 2. HP: 16/18 MP: 3/5
  1006 | D:2      | Reached XP level 3. HP: 23/23 MP: 4/6
  1010 | D:2      | Learned a level 3 spell: Spider Form
  1092 | D:2      | Found Uggyagoi's Book Boutique.
  1092 | D:2      | Found Taeqacw's Antique Weapon Emporium.
  1277 | D:2      | Found Vefihun's Antique Weapon Boutique.
  1289 | D:2      | Slain by an adder

Illustrated notes

Levels and vault maps discovered:
D:1:      dpeg_arrival_lava_temple_mockup, layout_basic,
          shapermc_ecumenical_altar_rom_forum
D:2:      layout_basic, serial_shops, shop, shop, shop,
          nicolae_shop_advertising_works [nicolae_subvault_shop_adworks],
          nicolae_diamond_shop

Skill      XL: |  1  2 |
---------------+-------+-----
Transmutations | 3 |  3.5
Fighting       | |  1.0
Dodging        | |  2.0
Unarmed Combat | |  3.0
Spellcasting   | |  2.0
Poison Magic   | |  0.8

Action                   || total
-------------------------++-------
Melee: Short sword       ||    41
       Unarmed           ||     5
       Kick              ||    12
       Constrict         ||    10
       Tentacles         ||     4
 Fire: Sling             ||     5
 Cast: Beastly Appendage ||    14
  Use: Scroll            ||     1
 Stab: Sleeping          ||     2
Armor: Skin              ||     4
Dodge: Dodged            ||    40
